[Event "*** SCC Grand Prix: Titled Tuesday Blitz"]
[Site "Chess.com"]
[Date "2020.07.21"]
[Round "6"]
[White "TargetA"]
[Black "JoliyRoger"]
[Result "1-0"]
[WhiteElo "2555"]
[BlackElo "2317"]
[TimeControl "180+1"]
[EndTime "11:07:08 PDT"]
[Termination "TargetA won on time"]

1. d4 Nf6 2. c4 e6 3. Nc3 Bb4 4.
Qc2 c5 5. e3 cxd4 6. exd4 d5 7.
Nf3 Nc6 8. a3 Bxc3+ 9. Qxc3 O-O 10. c5 Ne4 11. Qc2 b6 12. Bb5 Bd7 13. O-O a6 14. Bd3 f5 15. b4 bxc5 16. dxc5 Ne7 17.
Ne5 Bb5 18. f3 Nf6 19. Re1 Qc8 20. Bb2 Nc6 21. Re2 Nd7 22. Nxc6 Qxc6 23. Rae1 Rae8 24. Qc3 Nf6 25. Re5 Bxd3 26. Qxd3 Nd7 27. R5e2 Nf6 28. Qd4 h6 29. Re3 Kf7 30. Bc3 Re7 31. Qd2 Rd8 32. Be5 Ree8 33. Qe2 Nd7 34. Bd6 Nf8 35. Bxf8 Kxf8 36.
Rxe6 Rxe6 37. Qxe6 Qxe6 38. Rxe6 d4 39. Kf2 d3 40. Rd6 1-0

[Event "*** SCC Grand Prix: Titled Tuesday Blitz"]
[Site "Chess.com"]
[Date "2020.07.21"]
[Round "6"]
[White "Shushik"]
[Black "Manukyan_Artak"]
[Result "1-0"]
[WhiteElo "2223"]
[BlackElo "2379"]
[TimeControl "180+1"]
[EndTime "11:07:11 PDT"]
[Termination "Shushik won on time"]

1. e4 c6 2. d4 d5 3. Nc3 dxe4 4.
Nxe4 Nf6 5. Nxf6+ exf6 6. c3 Bd6 7. Bd3 O-O 8. Ne2 Qc7 9. h3 Re8 10. O-O Nd7 11. Qc2 Nf8 12. c4 c5 13. d5 Ng6 14.
Nc3 a6 15. Be3 Bd7 16. Ne4 Bf8 17. Nc3 b6 18. Rfe1 Bd6 19. a3 Re7 20. Ne4 Rae8 21.
Nxd6 Qxd6 22. Rab1 Ne5 23. Bxh7+ Kh8 24. Bd3 Nxd3 25. Qxd3 g6 26. b4 Bf5 27. Qd2 Bxb1 28.
Rxb1 Kg8 29. Qc3 f5 30. Bh6 Qe5 31. Qxe5 Rxe5 32. Be3 f4 33. Bxf4 Re1+ 34. Rxe1 Rxe1+ 35. Kh2 cxb4 36. axb4 Rd1 37. d6 Kf8 38. c5 bxc5 39.
bxc5 Rc1 40. Bxc1 1-0

[Event "*** SCC Grand Prix: Titled Tuesday Blitz"]
[Site "Chess.com"]
[Date "2020.07.21"]
[Round "6"]
[White "ExcitingTrap"]
[Black "KratosKrieg"]
[Result "1-0"]
[WhiteElo "2212"]
[BlackElo "1929"]
[TimeControl "180+1"]
[EndTime "11:07:11 PDT"]
[Termination "ExcitingTrap won on time"]

1. e4 c6 2. d4 d5 3. e5 Bf5 4. h4 Bd7 5. Bd3 e6 6. Nf3 c5 7. c3 Nc6 8. O-O Qb6 9. dxc5 Bxc5 10. Nbd2 Qc7 11. Nb3 Bb6 12. Qe2 Nge7 13. Bf4 Ng6 14. Bg3 O-O 15. Rfe1 Qd8 16. Ng5 h6 17. Nf3 Nge7 18.
Bc2 Nf5 19. Bxf5 exf5 20. Nbd4 Nxd4 21. Nxd4 Bxd4 22. cxd4 Qb6 23. Qe3 Rac8 24. Re2 Rc4 25. Rd2 Rfc8 26. Rad1 Rc2 27. b3 Qa5 28. Rxc2 Rxc2 29.
a4 Qb4 30. Rd3 Qa3 31. Qf3 Qa1+ 32. Rd1 Qb2 33. Qxd5 Bc6 34. Qd8+ Kh7 35. Qe7 f4 36. Qxf7 Be4 37. Qxf4 Bg6 38. e6 1-0

[Event "*** SCC Grand Prix: Titled Tuesday Blitz"]
[Site "Chess.com"]
[Date "2020.07.21"]
[Round "6"]
[White "talman67"]
[Black "Iljushin_Alexey"]
[Result "0-1"]
[WhiteElo "2492"]
[BlackElo "2695"]
[TimeControl "180+1"]
[EndTime "11:07:12 PDT"]
[Termination "Iljushin_Alexey won on time"]

1. e4 c6 2. d4 d5 3. e5 Bf5 4.
Nf3 e6 5. Be2 Nd7 6. O-O Bg6 7. Nbd2 Nh6 8. Nb3 Nf5 9. Bd2 h5 10. a4 h4 11. h3 a6 12. a5 Be7 13.
c4 dxc4 14. Bxc4 O-O 15. Qe2 Rc8 16. Rfd1 Bh5 17. Qe4 Re8 18. Bf4 Nf8 19. Rd3 Ng6 20. Bh2 Bf8 21. Rad1 Bxf3 22. Rxf3 Nge7 23. Nc5 Nd5 24.
Nxb7 Qc7 25. Nc5 Bxc5 26. dxc5 Qxa5 27. Ra3 Qxc5 28. Rxa6 Ra8 29. Rxa8 Rxa8 30. Bf4 Rb8 31. Bc1 Rb4 32. b3 Rb8 33. Qg4 Ra8 34. Bg5 Ra2 35.
Bxh4 Qa7 36. Bg3 Ra1 37. Rxa1 Qxa1+ 38. Kh2 Qc3 39. h4 Nde7 40. h5 Kh7 41. Bf4 Qc2 42. f3 Nd5 43. Bg5 Nde3 44. Bxe3 Nxe3 45. Qg5 Nf5 46.
Kh3 Qd1 47. Kh2 Qd4 48. Bf1 Qxe5+ 49. g3 Qe1 50. Bg2 Qf2 51. Qf4 c5 52. g4 Ne3 53.
Qe4+ f5 0-1

[Event "*** SCC Grand Prix: Titled Tuesday Blitz"]
[Site "Chess.com"]
[Date "2020.07.21"]
[Round "6"]
[White "Ashedu66"]
[Black "Giraffe_Chess"]
[Result "1-0"]
[WhiteElo "2246"]
[BlackElo "2388"]
[TimeControl "180+1"]
[EndTime "11:07:12 PDT"]
[Termination "Ashedu66 won on time"]

1. d4 f5 2. Bg5 g6 3. Nc3 Bg7 4. e4 d6 5. exf5 Bxf5 6. Bd3 Bxd3 7. Qxd3 Nf6 8. Nf3 O-O 9. O-O-O a6 10. h4 Nbd7 11.
Rde1 b5 12. h5 b4 13. Ne4 Nxh5 14. Rxh5 gxh5 15. Ng3 Nf6 16. Nh4 c5 17. Nhf5 Ra7 18. d5 c4 19. Qxc4 Rc7 20. Qd3 b3 21. axb3 a5 22. Kb1 Rf7 23. Nxg7 Kxg7 24. Nf5+ Kh8 25. Re6 Qc8 26. f3 a4 27. bxa4 Qa8 28. b3 Nxd5 29. Nh6 Rg7 30. Bd2 Nf6 31. Nf5 Qc8 32. Re2 Rf7 33.
Nh6 Rg7 34. Nf5 Rg8 35. Nd4 e5 36. Nb5 Rd7 37. Bc3 Rgd8 38. Kb2 Qc6 39. Qf5 Rf7 40. Qe6 1-0

[Event "*** SCC Grand Prix: Titled Tuesday Blitz"]
[Site "Chess.com"]
[Date "2020.07.21"]
[Round "6"]
[White "tlomigtlis"]
[Black "Zmof"]
[Result "0-1"]
[WhiteElo "2360"]
[BlackElo "2187"]
[TimeControl "180+1"]
[EndTime "11:07:13 PDT"]
[Termination "Zmof won on time"]

1. d4 f5 2. g3 Nf6 3. Bg2 g6 4. c4 Bg7 5. Nc3 d6 6. Nf3 O-O 7. O-O Qe8 8. d5 Na6 9. Rb1 Bd7 10. b4 c6 11. dxc6 bxc6 12. a3 Rc8 13. Bb2 Nc7 14. Qa4 Ne4 15. Nxe4 fxe4 16. Nd2 Bxb2 17. Rxb2 d5 18.
Qxa7 Qf7 19. Qd4 Ne6 20. Qe5 Qf6 21. Qxf6 exf6 22. Rc1 Nd4 23. Kf1 Ra8 24. Rc3 Ra7 25.
e3 Ne6 26. b5 Rb8 27. cxd5 cxd5 28. Rcb3 Nc5 29. Rc3 Na4 30. Rbc2 Nxc3 31. Rxc3 Rxb5 32. h4 Rba5 33. Nb1 Kf7 34. Kg1 Ke7 35. Kh2 Kd6 36. Bf1 Rc7 37. Rb3 Rc1 38. Kg2 Ba4 39. Rb6+ Ke7 40. Rb7+ Ke6 41. Rb6+ Kf5 42. Nd2 Bd1 43. Nb3 Bf3+ 44. Kg1 Rxa3 45. Nd4+ Kg4 0-1

[Event "*** SCC Grand Prix: Titled Tuesday Blitz"]
[Site "Chess.com"]
[Date "2020.07.21"]
[Round "6"]
[White "Jospem"]
[Black "RaunakSadhwani2005"]
[Result "0-1"]
[WhiteElo "2841"]
[BlackElo "3002"]
[TimeControl "180+1"]
[EndTime "11:07:15 PDT"]
[Termination "RaunakSadhwani2005 won on time"]

1. e4 c6 2. Nc3 d5 3. Nf3 Bg4 4.
h3 Bxf3 5. Qxf3 e6 6. Be2 Nf6 7. O-O Bc5 8. Rd1 Bd4 9. Qf4 Bxc3 10. bxc3 Nxe4 11. Rb1 b6 12. Ba3 Nd7 13. c4 c5 14.
cxd5 exd5 15. c4 O-O 16. cxd5 Ndf6 17. Bf3 Re8 18. Bb2 Nxd5 19. Qg4 Ndf6 20. Qf4 Rc8 21. d3 Nd5 22. Qg4 Nef6 23. Qg3 Qc7 24. Qg5 h6 25. Qh4 Qf4 26. Bxf6 Qxf6 27. Qxf6 Nxf6 28.
a4 Rcd8 29. a5 Rd6 30. axb6 axb6 31. Rd2 Nd7 32. Be2 Ne5 33. Kf1 Ree6 34. Rdd1 g5 35. g3 Rf6 36. Kg2 Kg7 37. Kf1 Ng6 38. Kg2 Ne7 39. Bf3 Nf5 40. Be4 Nd4 41. Rd2 Rfe6 42.
Ra2 c4 43. g4 c3 44. Rc1 c2 0-1

[Event "*** SCC Grand Prix: Titled Tuesday Blitz"]
[Site "Chess.com"]
[Date "2020.07.21"]
[Round "6"]
[White "chessbia"]
[Black "ketster"]
[Result "1-0"]
[WhiteElo "2205"]
[BlackElo "2355"]
[TimeControl "180+1"]
[EndTime "11:07:15 PDT"]
[Termination "chessbia won by checkmate"]

1. d4 Nf6 2. c3 d5 3. Bf4 c5 4. e3 Nc6 5. Nd2 cxd4 6. exd4 Bf5 7. Ngf3 e6 8. Nh4 Bg4 9. Qc2 Be7 10. h3 Bh5 11. Bd3 Rc8 12. Qa4 Nd7 13. Nhf3 Nb6 14. Qd1 Bd6 15. Bg5 f6 16. Bh4 g5 17. Bg3 Bxg3 18. fxg3 Qd6 19. Kf2 O-O 20. g4 Bg6 21.
Bxg6 hxg6 22. h4 Qf4 23. Qc2 Kg7 24. hxg5 Nxd4 25. gxf6+ Rxf6 26. Qd3 Nxf3 27. gxf3 e5 28. Qe3 Na4 29. Qxf4 Rxf4 30. Rab1 Rcf8 31. Ke3 g5 32. Rh5 Kg6 33. c4 d4+ 34. Ke2 Nc5 35. Rbh1 d3+ 36. Ke3 Kf6 37. b4 Ne6 38. Ne4+ Ke7 39. Rh7+ Kd8 40.
Nd2 Nd4 41. Rxb7 Nxf3 42. Rhh7 Nxd2 43. Rb8# 1-0

[Event "*** SCC Grand Prix: Titled Tuesday Blitz"]
[Site "Chess.com"]
[Date "2020.07.21"]
[Round "6"]
[White "Alexander_Moskalenko"]
[Black "GOGIEFF"]
[Result "0-1"]
[WhiteElo "2787"]
[BlackElo "2909"]
[TimeControl "180+1"]
[EndTime "11:07:16 PDT"]
[Termination "GOGIEFF won on time"]

1. c4 e6 2. Nf3 d5 3. d4 Nf6 4.
Nc3 c6 5. e3 Nbd7 6. Be2 dxc4 7. O-O b5 8. a4 b4 9. Nb1 Bb7 10. Nbd2 c5 11. Nxc4 Be7 12. b3 O-O 13. Bb2 Rc8 14.
Rc1 Nd5 15. Nfe5 Nxe5 16. Nxe5 cxd4 17. Qxd4 Bf6 18. Qxa7 Rxc1 19. Rxc1 Nc3 20. Bxc3 bxc3 21. Qxb7 Qd2 22. Rf1 Bxe5 23. Qb5 c2 24. Qxe5 Qxe2 25. Qc7 h5 26. a5 Qd1 27. h3 Rd8 28. b4 Qxf1+ 29.
Kxf1 Rd1+ 30. Ke2 c1=Q 31. Qxc1 Rxc1 32. Kd3 Ra1 33. Kc4 Kf8 34. Kb5 Ke7 35. Kb6 Kd7 36. b5 Ra2 37. a6 Rxf2 38. Kb7 Ra2 39. b6 Kd6 40. a7 Kc5 41. g4 hxg4 42. hxg4 f5 43.
gxf5 exf5 44. Kc7 Ra6 0-1

[Event "*** SCC Grand Prix: Titled Tuesday Blitz"]
[Site "Chess.com"]
[Date "2020.07.21"]
[Round "6"]
[White "nrvisakh"]
[Black "theblitzchamp"]
[Result "1-0"]
[WhiteElo "2834"]
[BlackElo "2674"]
[TimeControl "180+1"]
[EndTime "11:07:16 PDT"]
[Termination "nrvisakh won by checkmate"]

1. e4 c6 2. Nc3 d5 3. Nf3 Bg4 4. h3 Bxf3 5. Qxf3 d4 6. Ne2 e6 7.
Qb3 b6 8. c3 dxc3 9. bxc3 Nf6 10. e5 Nfd7 11. d4 c5 12. g3 Nc6 13. Bg2 Rc8 14. O-O Be7 15. Qa4 Na5 16. Rd1 O-O 17. d5 Nxe5 18. dxe6 Qe8 19. Qe4 Ng6 20. h4 fxe6 21.
Qxe6+ Kh8 22. h5 Rf6 23. Qe4 Nf8 24. Bh3 Rd8 25. Bg5 Rxd1+ 26. Rxd1 Rf7 27. h6 gxh6 28. Bxh6 Ng6 29. Nf4 Nxf4 30. Bxf4 Qf8 31. Rd7 Bf6 32. Rxf7 Qxf7 33. Qf5 Kg7 34. Qg4+ Qg6 35. Qd7+ Qf7 36. Bh6+ Kg6 37. Bf5+ Kxh6 38. Qxf7 Kg5 39. Qxh7 Nc4 40.
Qg6# 1-0

[Event "*** SCC Grand Prix: Titled Tuesday Blitz"]
[Site "Chess.com"]
[Date "2020.07.21"]
[Round "6"]
[White "Walter_White_Poland"]
[Black "korkmaz16"]
[Result "0-1"]
[WhiteElo "2244"]
[BlackElo "2348"]
[TimeControl "180+1"]
[EndTime "11:07:16 PDT"]
[Termination "korkmaz16 won by checkmate"]

1. e4 d5 2. exd5 Nf6 3. d4 Bg4 4. Bb5+ Nbd7 5. f3 Bf5 6. c4 e6 7. dxe6 Bxe6 8. d5 Bf5 9. Nc3 Bc5 10. Qe2+ Be7 11. g4 Bg6 12. h4 h6 13. h5 Bh7 14.
g5 hxg5 15. Bxg5 O-O 16. O-O-O Nc5 17. h6 g6 18. Nh3 a6 19. Rhe1 Bd6 20. Ba4 b5 21.
Bc2 b4 22. Ne4 Ncxe4 23. fxe4 Re8 24. Qf3 Be5 25. Rf1 Qd7 26. Bxf6 Qd6 27. Bxe5 Qxe5 28. Nf4 Re7 29. Kb1 a5 30. c5 a4 31. d6 cxd6 32.
cxd6 Ree8 33. Nd5 Rf8 34. Nf6+ Kh8 35. Bd3 b3 36. a3 Rab8 37. Bc4 g5 38. Ka1 Rb6 39.
d7 Rd8 40. Qc3 Qxc3 41. bxc3 Rc6 42. Bd5 Rxc3 43. e5 Rc2 44. e6 Ra2# 0-1

[Event "*** SCC Grand Prix: Titled Tuesday Blitz"]
[Site "Chess.com"]
[Date "2020.07.21"]
[Round "6"]
[White "bocah_sakit"]
[Black "EvgenyT"]
[Result "0-1"]
[WhiteElo "2727"]
[BlackElo "2918"]
[TimeControl "180+1"]
[EndTime "11:07:18 PDT"]
[Termination "EvgenyT won by resignation"]

1. e4 e5 2. Nf3 Nc6 3. Bb5 a6 4. Bxc6 dxc6 5. O-O Bd6 6. d4 exd4 7. Qxd4 f6 8. Nc3 Ne7 9. Be3 Ng6 10. Nd2 Be6 11.
Rad1 O-O 12. Nc4 Bb4 13. Qxd8 Rfxd8 14. Nd2 Bxc3 15. bxc3 Bxa2 16. f4 Bf7 17. Nf3 Re8 18. f5 Ne5 19. Bf4 Nc4 20. Rfe1 Re7 21. e5 fxe5 22.
Nxe5 Rae8 23. Nd3 Rxe1+ 24. Nxe1 a5 25. Bxc7 a4 26. Nd3 a3 27. Nc5 a2 28. Ra1 Na3 29.
Ne6 Rxe6 30. fxe6 Bxe6 31. c4 Bxc4 32. Be5 Nxc2 33. Rc1 Bd3 34. Kf2 c5 35. Bb2 b5 36. g4 b4 37. h4 c4 38. Be5 c3 39.
h5 a1=Q 40. Rxa1 Nxa1 41. Ke3 Bc2 42. Bd6 Bd1 43. Bxb4 Nc2+ 44. Kd3 Nxb4+ 45. Kxc3 Bxg4 0-1

[Event "*** SCC Grand Prix: Titled Tuesday Blitz"]
[Site "Chess.com"]
[Date "2020.07.21"]
[Round "6"]
[White "sewin16"]
[Black "PauloCesarCosta_sad"]
[Result "1/2-1/2"]
[WhiteElo "2378"]
[BlackElo "2207"]
[TimeControl "180+1"]
[EndTime "11:07:18 PDT"]
[Termination "Game drawn by repetition"]

1. e4 e6 2. d4 d5 3. Nc3 Nf6 4. e5 Nfd7 5. f4 c5 6. Nf3 Nc6 7. Be3 cxd4 8. Nxd4 Bc5 9. Qd2 O-O 10. O-O-O a6 11. Kb1 Nxd4 12. Bxd4 b5 13. Bxc5 Nxc5 14. Qe3 Qb6 15. Bd3 b4 16. Ne2 Bd7 17. g4 Bb5 18. f5 Bxd3 19. cxd3 b3 20. a3 Rfc8 21. f6 gxf6 22.
exf6 Kh8 23. Nf4 Rg8 24. h3 Nd7 25. Qxb6 Nxb6 26. Rc1 Rac8 27. Nh5 Nd7 28. Rc3 Rxc3 29.
bxc3 Nc5 30. Kb2 Rb8 31. c4 Nxd3+ 32. Kc3 dxc4 33. Kxc4 Nc1 34. Rxc1 Rc8+ 35. Kxb3 Rxc1 36. Ka4 Rh1 37. Ka5 Rxh3 38. a4 Rh1 39. Kxa6 Ra1 40. Kb5 e5 41. a5 e4 42. Nf4 e3 43. a6 Rb1+ 44. Kc6 Rc1+ 45. Kb7 Rb1+ 46. Kc7 Rc1+ 47.
Kb7 Rb1+ 48. Kc7 Ra1 49. Kb7 Rb1+ 1/2-1/2

[Event "*** SCC Grand Prix: Titled Tuesday Blitz"]
[Site "Chess.com"]
[Date "2020.07.21"]
[Round "6"]
[White "Batsai"]
[Black "tylityli"]
[Result "1-0"]
[WhiteElo "2368"]
[BlackElo "2146"]
[TimeControl "180+1"]
[EndTime "11:07:18 PDT"]
[Termination "Batsai won on time"]

1. d4 Nf6 2. c4 e6 3. Nc3 Bb4 4. e3 O-O 5. Bd3 d5 6. Ne2 dxc4 7. Bxc4 c5 8. O-O Qc7 9. Nb5 Qc6 10. a3 Ba5 11.
dxc5 Qxc5 12. Qd4 Qxd4 13. Nexd4 a6 14. Nd6 Nc6 15. Nxc6 bxc6 16. b4 Bb6 17. Bb2 a5 18. Rfc1 Nd5 19. Bxd5 cxd5 20. Rc6 Rb8 21. Nxc8 Rfxc8 22.
Rac1 Rxc6 23. Rxc6 axb4 24. axb4 Kf8 25. Be5 Rb7 26.
Rc8+ Ke7 27. Bxg7 f6 28. Bf8+ Kd7 29. Ra8 Kc6 30. g4 Rf7 31. Rc8+ Kd7 32. Rb8 Kc7 33. Bd6+ Kc6 34. Bg3 e5 35. h4 Bc7 36. Re8 Kb5 37.
g5 fxg5 38. hxg5 Rf5 39. Re7 Bd6 40. Rb7+ Kc6 41. Rxh7 Rxg5 42. Rh6 Kc7 43. b5 Bc5 44. Kf1 d4 45. Rc6+ Kb7 46. Rxc5 dxe3 47. Rxe5 Rxe5 48.
Bxe5 exf2 49. Bd4 1-0

[Event "*** SCC Grand Prix: Titled Tuesday Blitz"]
[Site "Chess.com"]
[Date "2020.07.21"]
[Round "6"]
[White "alfiefischer77"]
[Black "denispopov"]
[Result "1-0"]
[WhiteElo "2202"]
[BlackElo "1805"]
[TimeControl "180+1"]
[EndTime "11:07:18 PDT"]
[Termination "alfiefischer77 won on time"]

1. e4 c5 2. Nf3 Nc6 3. d4 cxd4 4.
Nxd4 e5 5. Nb5 a6 6. Nd6+ Bxd6 7.
Qxd6 Qf6 8. Qa3 Nd4 9. Bd3 Qg6 10. O-O Nf3+ 11. Kh1 Qh5 12. h3 Ng5 13. Bxg5 Qxg5 14.
Nc3 Nf6 15. Nb5 Kd8 16. Qa5+ Ke7 17. Qa3+ Kd8 18. Nd6 Qg6 19. Rad1 b6 20. Rfe1 Kc7 21. Qc3+ Kxd6 22. Bxa6+ Ke7 23. Qb4+ Ke8 24. Bb5 Nh5 25.
Rd6 Qg5 26. Red1 Qe7 27. Qd2 Ra7 28. a4 Nf4 29. Qc3 Ra8 30. Qc7 Ne6 31. Bxd7+ Bxd7 32. Qxd7+ Qxd7 33. Rxd7 Rd8 34. Rxd8+ Nxd8 35. Rd6 Ke7 36. Rxb6 Ne6 37. c3 Rd8 38. b4 Rd1+ 39. Kh2 Rc1 40. a5 Rxc3 41. a6 Ra3 42. Rb7+ Kd8 43. b5 1-0

[Event "*** SCC Grand Prix: Titled Tuesday Blitz"]
[Site "Chess.com"]
[Date "2020.07.21"]
[Round "6"]
[White "fmshawnrl123"]
[Black "AlexVanGog"]
[Result "0-1"]
[WhiteElo "2664"]
[BlackElo "2826"]
[TimeControl "180+1"]
[EndTime "11:07:19 PDT"]
[Termination "AlexVanGog won on time"]

1. c4 Nf6 2. g3 c5 3. Bg2 Nc6 4. Nc3 g6 5. Nf3 Bg7 6. d4 cxd4 7. Nxd4 O-O 8. O-O Qa5 9. Nb3 Qh5 10. e4 d6 11. h3 Qxd1 12. Rxd1 Be6 13. Nd5 Rfc8 14.
Be3 Kf8 15. Rac1 b6 16. f4 Rab8 17. g4 Nd7 18. Kf2 Bxb2 19. Rc2 Bg7 20. Rdc1 Nc5 21. Ke2 Nxb3 22. axb3 Nd4+ 23. Bxd4 Bxd4 24. Kd3 Bg7 25. b4 a5 26. b5 Bd7 27. Rb1 e6 28. Nc3 Bxc3 29. Kxc3 Rc5 30. Kb3 Rbc8 31. Rbc1 Ke7 32. Bf1 e5 33. f5 gxf5 34. exf5 d5 35. cxd5 a4+ 36. Kb2 a3+ 37. Kb3 a2 38. Rxc5 Rxc5 39. Re1 Bxb5 40. Bxb5 Rxb5+ 41. Kxa2 f6 42. Ka3 Rxd5 43.
Kb4 Rd3 44. g5 fxg5 45. Rxe5+ Kf6 46. Rb5 Rxh3 47. Kc4 h5 48. Kd4 Rf3 0-1

[Event "*** SCC Grand Prix: Titled Tuesday Blitz"]
[Site "Chess.com"]
[Date "2020.07.21"]
[Round "6"]
[White "51616516516"]
[Black "tan275"]
[Result "1/2-1/2"]
[WhiteElo "2408"]
[BlackElo "2258"]
[TimeControl "180+1"]
[EndTime "11:07:19 PDT"]
[Termination "Game drawn by repetition"]

1. Nf3 d5 2. d4 c5 3. c4 dxc4 4. e3 e6 5. Bxc4 Nc6 6. O-O Nf6 7. Nc3 a6 8. a4 cxd4 9. exd4 Be7 10. Qe2 O-O 11. Rd1 Nb4 12. Bg5 Nbd5 13. Ne5 h6 14.
Bh4 Nxc3 15. bxc3 Nd5 16. Bxe7 Qxe7 17. Ng6 Qf6 18. Bxd5 fxg6 19. Be4 Rb8 20. a5 Bd7 21. f3 Bc6 22. Rab1 Bxe4 23. Qxe4 Qf5 24. Rb6 Qxa5 25. Qxe6+ Kh8 26. Qxg6 Qxc3 27. d5 Rfe8 28. h3 Re1+ 29. Rxe1 Qxe1+ 30. Kh2 Qe5+ 31. Qg3 Qxg3+ 32.
Kxg3 Rd8 33. Rxb7 Rxd5 34. Ra7 Ra5 35. h4 h5 36. Kf4 Kh7 37. g4 hxg4 38. fxg4 Ra4+ 39.
Kg5 Ra5+ 40. Kf4 Ra4+ 41. Kg5 Ra5+ 42. Kf4 1/2-1/2

[Event "*** SCC Grand Prix: Titled Tuesday Blitz"]
[Site "Chess.com"]
[Date "2020.07.21"]
[Round "6"]
[White "XiaoKangZhong"]
[Black "Ariadna_Atreides"]
[Result "1/2-1/2"]
[WhiteElo "2349"]
[BlackElo "2114"]
[TimeControl "180+1"]
[EndTime "11:07:20 PDT"]
[Termination "Game drawn by repetition"]

1. e4 c5 2. c3 d5 3. exd5 Qxd5 4. d4 Nf6 5. Nf3 Nc6 6. Be3 Bg4 7. Be2 e6 8. h3 Bh5 9. Qa4 cxd4 10. cxd4 Bb4+ 11. Nc3 Ne4 12. Rc1 O-O 13. O-O Nxc3 14. bxc3 Be7 15.
c4 Qa5 16. Qxa5 Nxa5 17. Rb1 b6 18. Rb5 Bxf3 19. Bxf3 Rac8 20. c5 Nc4 21. cxb6 axb6 22. Bf4 Rfd8 23. Bb7 Na3 24. Rxb6 Rc2 25. Bf3 Rxa2 26.
Rb7 Bf6 27. Be5 Nc4 28. Bxf6 gxf6 29. d5 Nd2 30. Rd1 Nxf3+ 31. gxf3 Rxd5 32. Rxd5 exd5 33. Rd7 Rd2 34. Kf1 Kg7 35. Ke1 Rd4 36. Ke2 Kg6 37.
Ke3 Rh4 38. Rxd5 Rxh3 39. Rd1 h5 40. Rg1+ Kf5 41. Rg7 Rh1 42. Rxf7 h4 43. Rg7 h3 44. Ke2 h2 45. Rh7 Kf4 46. Rh4+ Kf5 47. Rh8 Kg5 48.
Rg8+ Kf5 49. Rh8 Kf4 50. Rh4+ Kf5 51. Rh8 1/2-1/2

[Event "*** SCC Grand Prix: Titled Tuesday Blitz"]
[Site "Chess.com"]
[Date "2020.07.21"]
[Round "6"]
[White "WonderChampion"]
[Black "kallerotmg"]
[Result "0-1"]
[WhiteElo "1972"]
[BlackElo "2142"]
[TimeControl "180+1"]
[EndTime "11:07:21 PDT"]
[Termination "kallerotmg won on time"]

1. e4 c6 2. c4 d5 3. exd5 cxd5 4. cxd5 Nf6 5. Bb5+ Bd7 6. Bc4 g6 7. Nc3 Bg7 8. Nf3 O-O 9. O-O b5 10. Bxb5 Bxb5 11. Nxb5 Nxd5 12. Nc3 Nc6 13. h3 Rb8 14.
Rb1 e5 15. Ne4 f5 16. Nc5 Qd6 17. Nb3 e4 18. Ne1 a5 19. d3 Ndb4 20. Be3 Rfd8 21. a3 Nxd3 22. Nxd3 exd3 23. Nc5 f4 24. Ne4 Qe5 25.
Nc3 fxe3 26. fxe3 Qxe3+ 27. Kh1 Bxc3 28. bxc3 Rxb1 29. Qxb1 d2 30. Rd1 Ne5 31. Qb3+ Kg7 32. Qb7+ Kh6 33. Qb3 Nd3 34. Kh2 Qf3 35. gxf3 Nf2 36.
Qc2 Nxd1 37. Qxd1 Kg5 38. f4+ Kxf4 39. Kg2 h5 40. Qf3+ Ke5 41. Qd1 Ke4 42. Kf2 Kd3 43. Kf3 Rf8+ 44. Kg2 Re8 45. a4 Re1 46. Qf3+ Kc2 0-1

[Event "*** SCC Grand Prix: Titled Tuesday Blitz"]
[Site "Chess.com"]
[Date "2020.07.21"]
[Round "6"]
[White "Skatchkov_V"]
[Black "Xeniya2005"]
[Result "1-0"]
[WhiteElo "2587"]
[BlackElo "2388"]
[TimeControl "180+1"]
[EndTime "11:07:22 PDT"]
[Termination "Skatchkov_V won on time"]

1. d4 Nf6 2. Nf3 b6 3. g3 Bb7 4. Bg2 g6 5. c4 Bg7 6. O-O O-O 7.
d5 e6 8. Nc3 exd5 9. cxd5 Re8 10.
Nd4 Na6 11. e4 Nc5 12. Re1 d6 13. b4 Ncd7 14. Bb2 a5 15. a3 Ne5 16. Rc1 Ba6 17.
Ncb5 Bxb5 18. Nxb5 Rc8 19. Qc2 Qd7 20. Nd4 axb4 21.
axb4 b5 22. f4 Nc4 23. Bc3 Ng4 24. Qd3 h5 25. h3 Nh6 26. Bf1 Ra8 27. Nxb5 Qxb5 28.
Qxc4 Qb6+ 29. Kg2 Bxc3 30. Rxc3 Reb8 31. b5 Ra7 32. Rec1 Rba8 33. R3c2 Kg7 34. Be2 Ng8 35.
Qc3+ Nf6 36. Bf3 Ra3 37. Qxc7 1-0

[Event "*** SCC Grand Prix: Titled Tuesday Blitz"]
[Site "Chess.com"]
[Date "2020.07.21"]
[Round "6"]
[White "Dauletova"]
[Black "Caterpiller35"]
[Result "1-0"]
[WhiteElo "2330"]
[BlackElo "2438"]
[TimeControl "180+1"]
[EndTime "11:07:22 PDT"]
[Termination "Dauletova won on time"]

1. e4 c5 2. Nf3 Nc6 3. d4 cxd4 4. Nxd4 e5 5. Nb5 d6 6. c4 Be6 7. N1c3 a6 8. Na3 g6 9. Be3 Bg7 10. Bd3 Nge7 11. O-O O-O 12. Nd5 Rc8 13. Bb6 Qd7 14.
Nc2 f5 15. f3 Kh8 16. b4 f4 17. b5 Nb8 18. a4 g5 19. Ncb4 g4 20. Bf2 Qe8 21.
fxg4 Nd7 22. bxa6 bxa6 23. Nxa6 Nxd5 24. cxd5 Bf7 25. Bb5 Bg6 26. Qf3 Qe7 27. Rac1 Nf6 28. Bd3 h5 29. gxh5 Bxh5 30. Qh3 Rxc1 31. Rxc1 Qb7 32.
Be2 Kg8 33. Bxh5 Qxa6 34. Bg6 Qxa4 35. Qe6+ Kh8 36. Re1 Qd7 37. Bf5 Qxe6 38. Bxe6 Rb8 39. h3 Rb2 40. Bf5 Bh6 41. Bh4 Nh5 42. Ra1 Ng3 43.
Bf6+ Kg8 44. Bg6 1-0

[Event "*** SCC Grand Prix: Titled Tuesday Blitz"]
[Site "Chess.com"]
[Date "2020.07.21"]
[Round "6"]
[White "crackcubano"]
[Black "ShimanovAlex"]
[Result "0-1"]
[WhiteElo "2644"]
[BlackElo "2811"]
[TimeControl "180+1"]
[EndTime "11:07:23 PDT"]
[Termination "ShimanovAlex won on time"]

1. Nf3 c5 2. c4 Nf6 3. d4 cxd4 4.
Nxd4 Nc6 5. Nc3 e6 6. g3 Qb6 7. Ndb5 Ne5 8. Bg2 a6 9. Na4 Qa5+ 10. Nbc3 Nxc4 11. O-O Bb4 12. Qd4 d5 13. e4 e5 14.
Qd3 b5 15. Nxd5 Nxd5 16. Qxd5 Ra7 17. b3 Rd7 18. Qa8 O-O 19. bxc4 bxa4 20. Qc6 Rfd8 21.
Be3 Rc7 22. Qb6 Rxc4 23. Rad1 Rf8 24. Qb8 Be6 25. Qa7 Rc7 26. Qb6 Qxb6 27. Bxb6 Rb7 28. Be3 Bxa2 29. Ra1 Bb3 30. Rfb1 Rfb8 31. Bf1 Ra8 32.
Bd3 h6 33. h4 a5 34. Kg2 Rd8 35. Be2 Rbb8 36. Kf3 Bc3 37. Ra3 Bb4 38. Raa1 Rdc8 39. h5 Rc3 40. Kg2 Bc2 0-1

[Event "*** SCC Grand Prix: Titled Tuesday Blitz"]
[Site "Chess.com"]
[Date "2020.07.21"]
[Round "6"]
[White "szachuspl"]
[Black "QuintilianoR"]
[Result "0-1"]
[WhiteElo "2557"]
[BlackElo "2687"]
[TimeControl "180+1"]
[EndTime "11:07:23 PDT"]
[Termination "QuintilianoR won by resignation"]

1. d4 d5 2. c4 c6 3. e3 Nf6 4.
Nf3 Bf5 5. Bd3 Bxd3 6. Qxd3 e6 7. Nc3 Nbd7 8. O-O Bb4 9. Bd2 Ba5 10. Rab1 O-O 11. b4 Bc7 12. b5 dxc4 13. Qxc4 Nb6 14. Qe2 Nbd5 15. bxc6 bxc6 16. Rfc1 Rc8 17. Na4 Bb6 18. Ne5 Qd6 19. Nc4 Qd8 20. Ne5 Qd6 21. g3 Ne4 22. Be1 c5 23. Nc4 Qd8 24. f3 Nef6 25. Ncxb6 axb6 26. dxc5 bxc5 27. Nxc5 Qe7 28. Nb3 Qa7 29. Nd4 Ra8 30. Rb2 e5 31. Nc6 Qxe3+ 32.
Qxe3 Nxe3 33. Nxe5 Ra6 34. Bf2 Ned5 35. Bc5 Rfa8 36.
a3 h5 37. Rb3 Nc7 38. Rcb1 Ne6 39. Bb4 Nd5 40. f4 f6 41. R3b2 fxe5 42. fxe5 Nxb4 43.
axb4 Rb6 44. b5 Rab8 45. Rb4 Nc7 46. Kf2 Rxb5 47. Rxb5 Rxb5 48. Rc1 Ne6 49. Re1 Kf7 50. Kf3 Rb4 51. h3 Kg6 52. Ra1 Ng5+ 53. Ke3 Re4+ 54.
Kd3 Rxe5 55. h4 Ne6 56. Ra6 Kf6 57. Ra7 g6 58. Ra8 Ng7 59. Kd4 Nf5+ 60. Kd3 Re3+ 61. Kd2 Rxg3 62. Ra6+ Kg7 0-1

[Event "*** SCC Grand Prix: Titled Tuesday Blitz"]
[Site "Chess.com"]
[Date "2020.07.21"]
[Round "6"]
[White "albano87"]
[Black "andy_rekt"]
[Result "1-0"]
[WhiteElo "2404"]
[BlackElo "2229"]
[TimeControl "180+1"]
[EndTime "11:07:23 PDT"]
[Termination "albano87 won on time"]

1. e4 e6 2. d4 d5 3. Nc3 Nf6 4. Bg5 Bb4 5. e5 h6 6. Be3 Ne4 7. Qg4 g6 8. a3 Bxc3+ 9. bxc3 c5 10. Bd3 Qa5 11. Ne2 cxd4 12. Bxd4 Nc6 13. O-O h5 14. Qf4 Nxd4 15. cxd4 Qd2 16. Bxe4 Qxe2 17. Bd3 Qg4 18. Bb5+ Kf8 19. Qf6 Rg8 20. f4 Qf5 21.
Qd8+ Kg7 22. Qe7 Qxc2 23. Rac1 Qe4 24. Rc7 Qxd4+ 25. Kh1 Rf8 26. Be8 Qd3 27. Qf6+ Kh6 28.
Rfc1 Qf5 29. Bxf7 b6 30. Qe7 Ba6 31. Bxe6 Qxf4 32. Qg7+ Kg5 33. Rg1 Bf1 34. Qe7+ Kh6 35. Bh3 Rg8 36. Qh7+ Kg5 37. e6 Rae8 38. Rf7 1-0